Map: Usina Ácida LE

Players

eduardoscar - Winner!

  • Race: Protoss Protoss
  • Spawn Location: 11:00

IagoAbreu

  • Race: Protoss Protoss
  • League: Gold
  • Spawn Location: 5:00

VOD

Have the link to the VOD?

Description

Time

  • Played on: March 17, 2018, 11:18 a.m.
  • Length: 11:06
Show
View Real Time Build Order
Export as new Build Order

eduardoscar Protoss - Winner!

Build Orders:  

Get SALT Encoding   

  12  0:01  Probe  
  13  0:13  Probe  
  14  0:18  Pylon  
  14  0:25  Probe  
  15  0:38  Probe (Chrono Boost)  
  16  0:48  Probe (Chrono Boost)  
  17  0:53  Probe (Chrono Boost)  
  19  1:04  Probe  
  19  1:16  Probe  
  19  1:26  Gateway  
  19  1:28  Probe  
  19  1:30  Nexus  
  20  1:33  Assimilator  
  20  1:36  Assimilator  
  20  1:42  Pylon  
  21  1:47  Probe (Chrono Boost)  
  21  1:57  Probe (Chrono Boost)  
  22  2:02  Probe (Chrono Boost)  
  22  2:08  Forge  
  23  2:13  Probe  
  24  2:16  Cybernetics Core  
  24  2:25  Zealot (Chrono Boost), Probe  
  27  2:36  Pylon  
  27  2:37  Probe  
  28  2:47  Probe  
  28  2:49  Probe  
  30  2:57  Photon Cannon  
  30  2:59  Probe  
  30  3:01  Probe  
  32  3:11  Robotics Facility  
  32  3:14  Warp Gate (Chrono Boost)  
  32  3:16  Stalker (Chrono Boost)  
  34  3:22  Probe  
  34  3:23  Probe  
  36  3:34  Probe  
  37  3:35  Probe  
  37  3:38  Pylon  
  38  3:44  Stalker  
  38  3:46  Probe (Chrono Boost)  
  42  3:50  Probe (Chrono Boost)  
  42  3:58  Probe (Chrono Boost)  
  42  4:02  Gateway  
  44  4:03  Gateway, Probe (Chrono Boost)  
  44  4:04  Probe (Chrono Boost)  
  45  4:11  Probe  
  46  4:18  Probe  
  46  4:19  Immortal (Chrono Boost)  
  46  4:23  Probe  
  52  4:30  Probe  
  53  4:31  Gateway  
  55  4:43  Probe x2  
  57  4:46  Assimilator  
  56  4:59  Nexus  
  54  5:11  Gateway x2  
  51  5:31  Stalker x3  
  53  5:45  Pylon  
  53  5:47  Probe x2  
  55  6:00  Probe x2  
  55  6:03  Stalker x2  
  61  6:04  Stalker  
  61  6:05  Immortal (Chrono Boost)  
  67  6:12  Probe x2  
  67  6:16  Stalker  
  67  6:17  Stalker  
  73  6:19  Protoss Ground Weapons Level 1 (Chrono Boost)  
  73  6:30  Pylon  
  73  6:35  Pylon  
  73  6:38  Photon Cannon  
  73  6:42  Photon Cannon  
  73  6:46  Probe  
  73  6:47  Probe x2  
  76  6:53  Photon Cannon  
  76  6:58  Probe  
  76  6:59  Probe x2  
  79  7:04  Immortal  
  79  7:06  Stalker x2  
  79  7:07  Stalker  
  89  7:09  Stalker  
  89  7:10  Stalker, Probe  
  89  7:11  Probe x2  
  96  7:22  Twilight Council, Probe  
  97  7:23  Probe x2  
  97  7:29  Assimilator  
  99  7:34  Probe  
  99  7:35  Probe  
  101  7:45  Pylon  
  101  7:47  Pylon  
  101  7:49  Pylon  
  101  7:50  Pylon  
  101  7:52  Pylon  
  101  7:58  Assimilator, Blink (Chrono Boost)  
  101  8:01  Assimilator  
  101  8:03  Probe x3, Immortal  
  108  8:07  Pylon  
  108  8:09  Gateway  
  108  8:13  Gateway  
  108  8:15  Probe x2  
  108  8:16  Gateway  
  108  8:17  Stalker x2  
  108  8:18  Stalker  
  108  8:19  Gateway  
  116  8:21  Stalker  
  116  8:24  Stalker  
  110  9:08  Probe  
  110  9:09  Probe x2  
  113  9:12  Stalker x2  
  113  9:13  Stalker x2  
  113  9:14  Stalker  
  123  9:20  Probe  
  123  9:21  Probe x2  
  126  9:29  Immortal  
  130  9:33  Probe x3  
  130  9:35  Robotics Facility  
  133  9:45  Probe x3  
  128  9:57  Probe x3  
  127  10:16  Stalker  
  127  10:17  Stalker x5  
  127  10:18  Stalker  
Show
View Real Time Build Order
Export as new Build Order

IagoAbreu Protoss 

Build Orders: Oracle Opening 

Get SALT Encoding   

  12  0:03  Probe (Chrono Boost)  
  13  0:17  Probe (Chrono Boost)  
  14  0:29  Pylon, Probe  
  15  0:45  Assimilator  
  15  0:52  Forge  
  15  0:55  Gateway  
  15  0:59  Probe  
  16  1:11  Probe (Chrono Boost)  
  16  1:13  Assimilator  
  17  1:23  Probe (Chrono Boost)  
  18  1:32  Probe (Chrono Boost)  
  19  1:42  Photon Cannon  
  19  1:54  Cybernetics Core  
  19  1:59  Photon Cannon  
  19  2:04  Probe (Chrono Boost)  
  20  2:14  Pylon, Probe (Chrono Boost)  
  21  2:21  Pylon  
  21  2:27  Probe  
  22  2:39  Probe  
  23  2:47  Stargate  
  23  2:52  Stargate  
  23  3:07  Pylon  
  23  3:22  Pylon  
  23  3:33  Nexus  
  23  3:46  Shield Battery  
  26  3:58  Oracle x2 (Chrono Boost)  
  29  4:12  Photon Cannon  
  29  4:24  Photon Cannon  
  29  4:36  Robotics Facility  
  29  4:53  Photon Cannon  
  29  4:58  Photon Cannon  
  29  5:01  Probe (Chrono Boost)  
  30  5:12  Probe (Chrono Boost)  
  31  5:16  Probe (Chrono Boost)  
  32  5:27  Probe  
  30  5:44  Warp Prism  
  30  5:49  Void Ray x2 (Chrono Boost)  
  40  6:02  Protoss Air Weapons Level 1  
  40  6:05  Protoss Shields Level 1  
  40  6:32  Void Ray x2  
  48  6:51  Probe (Chrono Boost)  
  49  6:59  Assimilator  
  49  7:01  Probe (Chrono Boost)  
  50  7:02  Assimilator  
  50  7:06  Probe (Chrono Boost)  
  51  7:17  Probe  
  51  7:21  Phoenix  
  54  7:24  Phoenix  
  54  7:29  Probe  
  57  7:39  Fleet Beacon  
  57  7:41  Probe  
  58  7:52  Nexus  
  58  8:20  Carrier (Chrono Boost)  
  48  9:19  Tempest (Chrono Boost)  
  51  9:28  Stargate  
  51  9:29  Stargate  
  51  9:30  Stargate  
  51  9:39  Assimilator  
  51  9:40  Probe (Chrono Boost)  
  51  9:43  Assimilator  
  52  9:51  Probe (Chrono Boost)  
  59  9:56  Probe (Chrono Boost)  
  54  10:14  Probe  
  53  10:26  Probe  
Tags
 
League
Gold
Matchup
PvP
Spawn Locations
Cross Positions
Add a new tag
Caveats
  • Supply blocks, unpowered buildings, or Contaminate may cause inaccurate times.
  • Supply counts are checked every 10 seconds.